Workbook
Name \a: #REF!
Name \a: #REF!
Name \b: #REF!
Name \b: #REF!
Name \eliminar: [1]RESUM96!#REF!
Name \eliminar: [1]RESUM96!#REF!
Name \eliminar1: [1]RESUM96!#REF!
Name \eliminar1: [1]RESUM96!#REF!
Name \q: #REF!
Name \q: #REF!
Name _______________EST1: #REF!
Name _______________EST1: #REF!
Name _______________EST10: #REF!
Name _______________EST10: #REF!
Name _______________EST11: #REF!
Name _______________EST11: #REF!
Name _______________EST12: #REF!
Name _______________EST12: #REF!
Name _______________EST13: #REF!
Name _______________EST13: #REF!
Name _______________EST14: #REF!
Name _______________EST14: #REF!
Name _______________EST15: #REF!
Name _______________EST15: #REF!
Name _______________EST16: #REF!
Name _______________EST16: #REF!
Name _______________EST17: #REF!
Name _______________EST17: #REF!
Name _______________EST18: #REF!
Name _______________EST18: #REF!
Name _______________EST19: #REF!
Name _______________EST19: #REF!
Name _______________EST2: #REF!
Name _______________EST2: #REF!
Name _______________EST3: #REF!
Name _______________EST3: #REF!
Name _______________EST4: #REF!
Name _______________EST4: #REF!
Name _______________EST5: #REF!
Name _______________EST5: #REF!
Name _______________EST6: #REF!
Name _______________EST6: #REF!
Name _______________EST7: #REF!
Name _______________EST7: #REF!
Name _______________EST8: #REF!
Name _______________EST8: #REF!
Name _______________EST9: #REF!
Name _______________EST9: #REF!
Name _______________EXC1: #REF!
Name _______________EXC1: #REF!
Name _______________EXC10: #REF!
Name _______________EXC10: #REF!
Name _______________EXC11: #REF!
Name _______________EXC11: #REF!
Name _______________EXC12: #REF!
Name _______________EXC12: #REF!
Name _______________EXC2: #REF!
Name _______________EXC2: #REF!
Name _______________EXC3: #REF!
Name _______________EXC3: #REF!

Sheet CANTIDADES OBRA
A1: REPUBLICA DE COLOMBIA
A2: MUNICIPIO DE BURITICA-ANTIOQUIA
A3: SECRETARÍA DE PLANEACIÓN Y DESARROLLO TERRITORIAL BURITICA
A4: COSNTRUCCION DE DISIPADOR Y MEJORAMIENTO DE VIVIENDAS EN SECTOR SABANITAS, MUNICIPIO DE BURITICÁ, ANTIOQUIA
A5: CANTIDADES DE OBRA VEREDA TABACAL | Q5: L | R5: 6693
A7: ACTIVIDAD | C7: UNIDAD | D7: DIMENSIONES | G7: AREA | H7: ELEMENTOS IGUALES | I7: CANTIDAD | J7: BARRA No. | K7: PESO NOMINAL | L7: SUBTOTAL | M7: TOTAL ACUMULADO
A8: Item | B8: Descrpción | D8: Largo
A9: ='[37]PPTO GRAL'!B9 -> 1 | B9: ='[37]PPTO GRAL'!C9 -> CONSTRUCCIÓN DE PLACA HUELLA
A10: 1.1 | B10: ='[37]PPTO GRAL'!C10 -> Topografia, Localizacion y replanteo | C10: ='PPTO GRAL'!#REF! -> #REF! | D10: =R5 -> 6693 | E10: 4.1
E13: ='CANTIDADES OBRA'!H1420='CANTIDADES OBRA'!M139 -> FALSE
A21: 1.2 | B21: ='PPTO GRAL'!#REF! -> #REF! | C21: ='PPTO GRAL'!#REF! -> #REF! | D21: =390*1.1 -> 429 | E21: 1.1 | F21: 0.6 | M21: =D21*E21*F21 -> 283.14 | Q21: ='PPTO GRAL'!F22 -> 1.3e+08
A35: ='[37]PPTO GRAL'!B12 -> 1.3 | B35: =+'PPTO GRAL'!#REF! -> #REF! | C35: m3 | D35: =R5 -> 6693 | E35: 4.1 | F35: 0.15 | M35: =D35*E35*F35 -> 4116.195
A49: ='[37]PPTO GRAL'!B13 -> 1.4 | B49: ='PPTO GRAL'!#REF! -> #REF! | C49: m3 | D49: =+D35 -> 6693 | E49: 4 | F49: 0.1 | M49: =D49*E49*F49 -> 2677.2
A66: ='[37]PPTO GRAL'!B14 -> 1.5 | B66: ='PPTO GRAL'!#REF! -> #REF! | C66: ='PPTO GRAL'!#REF! -> #REF! | D66: =4.1-0.4 -> 3.7 | E66: 0.2 | F66: 0.3 | I66: =ROUNDUP(R5/2.8+1,0) -> 2392 | M66: =(D66*E66*F66)*I66 -> 531.024
A76: =+'PPTO GRAL'!A13 -> 2.9 | B76: =+'PPTO GRAL'!B13 -> Revoque de tanques | C76: =+'PPTO GRAL'!C13 -> m2 | M76: =+M77+M78 -> 93.6
B77: Revoque de tanques | C77: m2 | D77: 4 | E77: 3 | F77: 1.6 | I77: 3 | M77: =D77*E77*F77*I77 -> 57.6
D78: 4 | E78: 3 | I78: 3 | M78: =+I78*E78*D78 -> 36
A93: ='PPTO GRAL'!#REF! -> #REF! | B93: ='PPTO GRAL'!#REF! -> #REF! | C93: ='PPTO GRAL'!#REF! -> #REF! | D93: =R5 -> 6693 | E93: 0.9 | F93: 0.15 | M93: =D93*E93*F93 -> 903.555
A107: ='PPTO GRAL'!#REF! -> #REF! | B107: ='PPTO GRAL'!#REF! -> #REF! | C107: ='PPTO GRAL'!#REF! -> #REF! | D107: =4.1-0.4 -> 3.7 | E107: 0.2 | F107: 0.3 | I107: =I66 -> 2392 | M107: =ROUND(SUM(L108:L149),2) -> 50.4
A119: ='PPTO GRAL'!#REF! -> #REF! | B119: acero de refuerzo | C119: ='PPTO GRAL'!#REF! -> #REF! | M119: =M120+M121 -> 2928
B120: Acero 3/8" | D120: 2870 | I120: 6 | J120: 0.56 | M120: =D129 -> 1464
B121: Acero 1/2" | D121: 560 | I121: 6 | J121: 1 | M121: =D126 -> 1464
D126: =+E126*H126*I126 -> 1464 | E126: 3 | H126: 122 | I126: 4
D127: 270 | E127: 3 | H127: 122 | I127: 4
D128: 210 | E128: 3 | H128: 122 | I128: 4
D129: =+E129*H129*I129 -> 1464 | E129: 3 | H129: 122 | I129: 4
D135: =600/75 -> 8
A139: ='[37]PPTO GRAL'!B19 -> 2.1 | B139: ='[37]PPTO GRAL'!C19 -> Excavación mecanizada cielo abierto material comun/conglomerado 0.0 a 6.0 metros | C139: ='[37]PPTO GRAL'!D19 -> m³ | M139: =ROUND(SUM(L140:L162),2) -> 233.29
B140: Excavacion necesaria para la poceta
C141: =C139 -> m³ | D141: 4 | E141: 3 | F141: =1.4 -> 1.4 | H141: 3 | L141: =D141*E141*F141*H141 -> 50.4
B150: Excavacion necesaria para la tuberia | C150: =C139 -> m³ | D150: 6.1 | E150: 1.1 | F150: 2.2 | H150: =H141 -> 3 | L150: =E150*D150*F150*H150 -> 44.286
B162: Excavacion necesaria para el cabezal y el desague | D162: 3 | E162: 7 | F162: 2.2 | H162: =H150 -> 3 | L162: =D162*E162*H162*F162 -> 138.6
A175: 2.8 | B175: ='[37]PPTO GRAL'!C20 -> Concreto de 3.000 PSI (210 Kg/cm2) para estructuras (pocetas, aletas de drenaje y solera) | C175: ='[37]PPTO GRAL'!D20 -> m³ | M175: =ROUND(SUM(L176:L182),2) -> 32.4
B177: Concreto de 3.000 PSI necesario para construir las pocetas | C177: =C175 -> m³ | D177: 4 | E177: 3 | F177: 0.15 | H177: =H162 -> 3 | I177: 2 | L177: =D177*E177*F177*H177*I177 -> 10.8
B178: Concreto de 3.000 PSI necesario para las aletas de drenaje | C178: =C175 -> m³ | D178: 4 | E178: 3 | F178: 0.15 | H178: =H177 -> 3 | I178: 2 | L178: =D178*E178*F178*H178*I178 -> 10.8
B179: Concreto de 3.000 PSI necesario para la solera del alcantarillado | C179: =C175 -> m³ | D179: 4 | E179: 3 | F179: 0.15 | H179: =H178 -> 3 | I179: 2 | L179: =D179*E179*F179*H179*I179 -> 10.8
A192: ='[37]PPTO GRAL'!B21 -> 2.3 | B192: ='[37]PPTO GRAL'!C21 -> Solado de Limpieza espesor 0.10 m | C192: ='[37]PPTO GRAL'!D21 -> m³ | M192: =ROUND(SUM(L193:L194),2) -> 3.02
B193: Solado para cimentar la tuberia de conducto
C194: =C192 -> m³ | D194: 6.1 | E194: 1.1 | F194: 0.15 | H194: =H179 -> 3 | L194: =D194*E194*F194*H194 -> 3.0195
A195: ='[37]PPTO GRAL'!B22 -> 2.4 | B195: TAPAS PARA REGISTRO | C195: UNID | M195: =ROUND(SUM(L196:L208),2) -> 3
B196: Concreto ciclopeo necesario para construir el muro cabezal
C197: =C195 -> UNID | D197: 3 | G197: 1 | H197: 1 | L197: =D197*G197*H197 -> 3
A211: ='[37]PPTO GRAL'!B23 -> 2.5 | B211: Instalacion de acometida de alcantarillado en 6", incluye silla de empalme y 3 m de tuberia de 6" y todo lo demas necesario para su correcta instalacion | C211: un | M211: =ROUND(SUM(L212:L216),2) -> 26
B213: Viviendas tabacal | C213: =C211 -> un | D213: 6 | H213: 1 | I213: 1 | J213: 1 | K213: 1 | L213: =D213*H213*I213*K213 -> 6
B214: Viviendas colegio | C214: =C211 -> un | D214: 9 | H214: =$H$213 -> 1 | I214: 1 | J214: 1 | K214: 1 | L214: =D214*H214*I214*K214 -> 9
B215: Viviendas parte posterior | C215: =C211 -> un | D215: 6 | H215: =$H$213 -> 1 | I215: 1 | J215: 1 | K215: 1 | L215: =D215*H215*I215*K215 -> 6
B216: Viviendas calle bajando por el parque | C216: =C211 -> un | D216: 5 | H216: =$H$213 -> 1 | I216: 1 | J216: 1 | K216: 1 | L216: =D216*H216*I216*K216 -> 5
A234: =+'PPTO GRAL'!A17 -> 2.13 | B234: =+'PPTO GRAL'!B17 -> Obras complementarias | C234: =+'PPTO GRAL'!C17 -> gl | M234: =ROUND(SUM(L236:L245),2) -> 1
B235: Obras complementarias
C236: =C234 -> gl | D236: 1 | H236: 1 | L236: =H236*D236 -> 1
A247: =+'PPTO GRAL'!A16 -> 2.12 | B247: =+'PPTO GRAL'!B16 -> Suminstro transporte y colocacion de muro BLOQUE EN CONCRETO | C247: =+'PPTO GRAL'!C16 -> M2 | M247: =ROUND(SUM(L249:L258),2) -> 57.6
B248: Pasamanos Metalico
C249: =C247 -> M2 | D249: 4 | F249: 3 | H249: 1.6 | I249: 3 | L249: =H249*D249*I249*F249 -> 57.6

Sheet PPTO GRAL
A2: =+'[38]PPTO GRAL'!$A$2:$E$2 -> CONSTRUCCION DE TANQUES EN EL SECTOR AGUILAR, MUNICIPIO DE BURITICÁ, ANTIOQUIA
A3: MUNICIPIO DE BURITICA-ANTIOQUIA
A4: SECRETARÍA DE PLANEACIÓN Y DESARROLLO TERRITORIAL BURITICA
A5: PRESUPUESTO GENERAL
A6: SECTOR AGUILAR
A7: No. | B7: DESCRIPCIÓN | C7: UNID. | D7: CANT. | E7: PRECIO UNITARIO | F7: VALOR TOTAL
A9: 2 | B9: TANQUES | F9: =SUM(F10:F18) -> 1e+08
A10: 2.1 | B10: Excavación manual a cielo abierto material comun/conglomerado 0.0 a 3.0 metros | C10: m³ | D10: ='CANTIDADES OBRA'!M139 -> 233.29 | E10: =APU!J9 -> 45741 | F10: =ROUND(+E10*D10,2) -> 10670918
A11: 2.3 | B11: Solado de Limpieza espesor 0.10 m | C11: m³ | D11: ='CANTIDADES OBRA'!M192 -> 3.02 | E11: =APU!J259 -> 601449 | F11: =ROUND(+E11*D11,2) -> 1816376
A12: 2.8 | B12: Concreto de 3.000 PSI (210 Kg/cm2) para estructuras (pocetas, aletas de drenaje y solera) | C12: m³ | D12: ='CANTIDADES OBRA'!M175 -> 32.4 | E12: =APU!J228 -> 1121583 | F12: =ROUND(+E12*D12,2) -> 36339289
A13: 2.9 | B13: Revoque de tanques | C13: m2 | D13: =+'CANTIDADES OBRA'!M76 -> 93.6 | E13: =+APU!J147 -> 39499 | F13: =ROUND(+E13*D13,2) -> 3697106.4
A14: 2.1 | B14: =+'CANTIDADES OBRA'!B195 -> TAPAS PARA REGISTRO | C14: UNID. | D14: =+'CANTIDADES OBRA'!M195 -> 3 | E14: =APU!J201 -> 363090 | F14: =ROUND(+E14*D14,2) -> 1089270
A15: 2.11 | B15: acero de refurezo | C15: kg | D15: =+'CANTIDADES OBRA'!M119 -> 2928 | E15: =+APU!J62 -> 8200 | F15: =ROUND(+E15*D15,2) -> 24009600
A16: 2.12 | B16: Suminstro transporte y colocacion de muro BLOQUE EN CONCRETO | C16: M2 | D16: =+'CANTIDADES OBRA'!M247 -> 57.6 | E16: =+APU!J324 -> 129368 | F16: =ROUND(+E16*D16,2) -> 7451596.8
A17: 2.13 | B17: Obras complementarias | C17: gl | D17: =+'CANTIDADES OBRA'!M234 -> 1 | E17: =+APU!J89 -> 8493984 | F17: =ROUND(+E17*D17,2) -> 8493984
A18: 2,1,4 | B18: Actividades hidraulicas | C18: gl | D18: 1 | E18: =+APU!J173 -> 6431860 | F18: =ROUND(+E18*D18,2) -> 6431860
C19: TOTAL COSTOS DIRECTOS | F19: =+F9 -> 1e+08
C20: ADMINISTRACIÓN | E20: 0.25 | F20: =ROUND(F19*E20,1) -> 25000000
C21: UTILIDAD | E21: 0.05 | F21: =ROUND(F19*E21,1) -> 5000000
C22: VALOR TOTAL PROYECTO | F22: =+F19+F20+F21 -> 1.3e+08

Sheet APU
B1: REPUBLICA DE COLOMBIA
B2: COSNTRUCCION DE DISIPADOR Y MEJORAMIENTO DE VIVIENDAS EN SECTOR SABANITAS, MUNICIPIO DE BURITICÁ, ANTIOQUIA
B3: SECRETARÍA DE PLANEACIÓN Y DESARROLLO TERRITORIAL BURITICA
B5: ANALISIS DE PRECIOS UNITARIOS
B8: ÍTEM: | C8: DESCRIPCIÓN: | I8: UNIDAD: | J8: VALOR:
B9: =+'PPTO GRAL'!A10 -> 2.1 | C9: =+'PPTO GRAL'!B10 -> Excavación manual a cielo abierto material comun/conglomerado 0.0 a 3.0 metros | I9: =+'PPTO GRAL'!C10 -> m³ | J9: =+J33 -> 45741
B11: I. EQUIPOS Y MAQUINARIA
B12: DESCRIPCIÓN | G12: UND. | H12: TARIFA | I12: REND. | J12: V-UNIT.
B13: M03 | C13: EQUIPO BASICO ( HERRAMIENTA MENOR ) | G13: =VLOOKUP(B13,EQ!$B$8:$E$137,3,FALSE) -> und | H13: =VLOOKUP(B13,EQ!$B$8:$E$137,4,FALSE) -> 3478 | I13: 0.42 | J13: =H13*I13 -> 1460.76
B14: M05 | C14: RETROEXCAVADORA LLANTAS | G14: =VLOOKUP(B14,EQ!$B$8:$E$137,3,FALSE) -> hr | H14: 189000 | I14: 0.12 | J14: =H14*I14 -> 22680
I16: SUB-TOTAL | J16: =SUM(J13:J15) -> 24140.76
B17: II. MATERIALES EN OBRA
B18: DESCRIPCIÓN | G18: UND. | H18: TARIFA | I18: REND. | J18: V-UNIT.
I21: SUB-TOTAL | J21: =SUM(J19:J20) -> 0
B22: III. TRANSPORTES
B23: MATERIAL | G23: UND. | H23: TARIFA | I23: REND. | J23: V-UNIT.
J24: =H24*I24*G24 -> 0
I25: SUB-TOTAL | J25: =SUM(J24:J24) -> 0
B26: IV. MANO DE OBRA
B27: PERSONAL | G27: UND. | H27: TARIFA | I27: REND. | J27: V-UNIT.
B28: I44 | C28: OFICIAL | G28: hr | H28: 18000 | I28: 1.2 | J28: =H28*I28 -> 21600
I31: SUB-TOTAL | J31: =SUM(J28:J30) -> 21600
G33: TOTAL COSTO DIRECTO | J33: =ROUND(J16+J21+J25+J31,0) -> 45741
B35: DESCRIPCIÓN | G35: UND. | H35: TARIFA | I35: REND. | J35: V-UNIT.
B36: M05 | C36: RETROEXCAVADORA SOBRE ORUGAS | G36: =VLOOKUP(B36,EQ!$B$8:$E$137,3,FALSE) -> hr | H36: =VLOOKUP(B36,EQ!$B$8:$E$137,4,FALSE) -> 245612 | I36: 0.03 | J36: =H36*I36 -> 7368.36
B37: M20 | C37: VIBROCOMPACTADOR DE SUELO | G37: =VLOOKUP(B37,EQ!$B$8:$E$137,3,FALSE) -> hr | H37: =VLOOKUP(B37,EQ!$B$8:$E$137,4,FALSE) -> 135579 | I37: 0.04 | J37: =H37*I37 -> 5423.16
B38: M29 | C38: VOLQUETA 6M3 (CARGUE A MECANICO) RETIRO INTERNO | G38: =VLOOKUP(B38,EQ!$B$8:$E$137,3,FALSE) -> vje | H38: =VLOOKUP(B38,EQ!$B$8:$E$137,4,FALSE) -> 105262 | I38: 0.06 | J38: =H38*I38 -> 6315.72
B39: M19 | C39: CARROTANQUE DE AGUA 10.000 LTS. | G39: =VLOOKUP(B39,EQ!$B$8:$E$137,3,FALSE) -> hr | H39: =VLOOKUP(B39,EQ!$B$8:$E$137,4,FALSE) -> 71777 | I39: 0.07 | J39: =H39*I39 -> 5024.39
B40: M03 | C40: EQUIPO BASICO ( HERRAMIENTA MENOR ) | G40: =VLOOKUP(B40,EQ!$B$8:$E$137,3,FALSE) -> und | H40: =VLOOKUP(B40,EQ!$B$8:$E$137,4,FALSE) -> 3478 | I40: 0.11 | J40: =H40*I40 -> 382.58
I42: SUB-TOTAL | J42: =SUM(J36:J41) -> 24514.21
B43: II. MATERIALES EN OBRA
B44: DESCRIPCIÓN | G44: UND. | H44: TARIFA | I44: REND. | J44: V-UNIT.
I47: SUB-TOTAL | J47: =SUM(J45:J46) -> 0
B48: III. TRANSPORTES
B49: MATERIAL | G49: UND. | H49: TARIFA | I49: REND. | J49: V-UNIT.
J50: =H50*I50*G50 -> 0
I51: SUB-TOTAL | J51: =SUM(J50:J50) -> 0
B52: IV. MANO DE OBRA
B53: PERSONAL | G53: UND. | H53: TARIFA | I53: REND. | J53: V-UNIT.
B54: I03 | C54: CUADRILLA AA TIPO 1 (1 OFICIAL + 1 AYUDANTE) (Albañileria) | G54: hr | H54: 18000 | I54: 0.1 | J54: =H54*I54 -> 1800
B55: I26 | C55: ACARREO INTERNO | G55: =VLOOKUP(B55,MAT!$B$8:$E$1650,3,FALSE) -> und | H55: =VLOOKUP(B55,MAT!$B$8:$E$1650,4,FALSE) -> 1542 | I55: 0.11 | J55: =H55*I55 -> 169.62
I57: SUB-TOTAL | J57: =SUM(J54:J56) -> 1969.62
G59: TOTAL COSTO DIRECTO | J59: =ROUND(J42+J47+J51+J57,0) -> 26484
B61: ÍTEM: | C61: DESCRIPCIÓN: | I61: UNIDAD: | J61: VALOR:
B62: ='PPTO GRAL'!#REF! -> #REF! | C62: acero de refurzo | I62: ='PPTO GRAL'!#REF! -> #REF! | J62: 8200
B64: I. EQUIPOS Y MAQUINARIA
B65: DESCRIPCIÓN | G65: UND. | H65: TARIFA | I65: REND. | J65: V-UNIT.
B66: M03 | C66: EQUIPO BASICO ( HERRAMIENTA MENOR ) | G66: =VLOOKUP(B66,EQ!$B$8:$E$137,3,FALSE) -> und | H66: =VLOOKUP(B66,EQ!$B$8:$E$137,4,FALSE) -> 3478 | I66: 1.4 | J66: =H66*I66 -> 4869.2
B67: M47 | C67: VIBROCOMPACTADOR TIPO RANA | G67: =VLOOKUP(B67,EQ!$B$8:$E$137,3,FALSE) -> dia | H67: =VLOOKUP(B67,EQ!$B$8:$E$137,4,FALSE) -> 49909 | I67: 0.15 | J67: =H67*I67 -> 7486.35
I69: SUB-TOTAL | J69: =SUM(J66:J68) -> 12355.55
B70: II. MATERIALES EN OBRA
B71: DESCRIPCIÓN | G71: UND. | H71: TARIFA | I71: REND. | J71: V-UNIT.
B72: B11 | C72: SUB BASE GRANULAR CLASE B NORMA INVIAS | G72: =VLOOKUP(B72,MAT!$B$8:$E$1650,3,FALSE) -> m3 | H72: 102300 | I72: 1 | J72: =H72*I72 -> 102300
I74: SUB-TOTAL | J74: =SUM(J72:J73) -> 102300
B75: III. TRANSPORTES
B76: MATERIAL | G76: CANTIDAD | H76: TARIFA | I76: REND. | J76: V-UNIT.
B77: GLOBAL | G77: =1 -> 1 | H77: =0.05*H72 -> 5115 | I77: =I72 -> 1 | J77: =H77*I77*G77 -> 5115
I78: SUB-TOTAL | J78: =SUM(J77:J77) -> 5115
B79: IV. MANO DE OBRA
B80: PERSONAL | G80: UND. | H80: TARIFA | I80: REND. | J80: V-UNIT.
B81: I37 | C81: CUADRILLA AA TIPO 3 (1 OFICIAL + 3 AYUDANTE) (Albañileria) | G81: hr | H81: 18000 | I81: 0.2 | J81: =H81*I81 -> 3600
B82: I26 | C82: ACARREO INTERNO | G82: =VLOOKUP(B82,MAT!$B$8:$E$1650,3,FALSE) -> und | H82: =VLOOKUP(B82,MAT!$B$8:$E$1650,4,FALSE) -> 1542 | I82: 0.05 | J82: =H82*I82 -> 77.1
I84: SUB-TOTAL | J84: =SUM(J81:J83) -> 3677.1
G86: TOTAL COSTO DIRECTO | J86: =ROUND(J69+J74+J78+J84,0) -> 123448
B88: ÍTEM: | C88: DESCRIPCIÓN: | I88: UNIDAD: | J88: VALOR:
B89: =+'PPTO GRAL'!A17 -> 2.13 | C89: =+'PPTO GRAL'!B17 -> Obras complementarias | I89: =+'PPTO GRAL'!C17 -> gl | J89: =J112 -> 8493984
B91: I. EQUIPOS Y MAQUINARIA
B92: DESCRIPCIÓN | G92: UND. | H92: TARIFA | I92: REND. | J92: V-UNIT.
B93: M03 | C93: EQUIPO BASICO ( HERRAMIENTA MENOR ) | G93: =VLOOKUP(B93,EQ!$B$8:$E$137,3,FALSE) -> und | H93: =VLOOKUP(B93,EQ!$B$8:$E$137,4,FALSE) -> 3478 | I93: 0.8 | J93: =H93*I93 -> 2782.4
I95: SUB-TOTAL | J95: =SUM(J93:J94) -> 2782.4
B96: II. MATERIALES EN OBRA
B97: DESCRIPCIÓN | G97: UND. | H97: TARIFA | I97: REND. | J97: V-UNIT.
C98: OBRAS COMPLEMENTARIAS | G98: GL | H98: 8311201.7 | I98: 1 | J98: =+H98*I98 -> 8311201.7
I100: SUB-TOTAL | J100: =SUM(J98:J99) -> 8311201.7
B101: III. TRANSPORTES
B102: MATERIAL | G102: UND. | H102: TARIFA | I102: REND. | J102: V-UNIT.
J103: =H103*I103*G103 -> 0
I104: SUB-TOTAL | J104: =SUM(J103:J103) -> 0
B105: IV. MANO DE OBRA
B106: PERSONAL | G106: UND. | H106: TARIFA | I106: REND. | J106: V-UNIT.
B107: I44 | C107: CUADRILLA AA TIPO 4 (1 OFICIAL + 4 AYUDANTE) (Albañileria) | G107: hr | H107: 18000 | I107: 10 | J107: =H107*I107 -> 180000
I110: SUB-TOTAL | J110: =SUM(J107:J109) -> 180000
G112: TOTAL COSTO DIRECTO | J112: =ROUND(J95+J100+J104+J110,0) -> 8493984
B114: ÍTEM: | C114: DESCRIPCIÓN: | I114: UNIDAD: | J114: VALOR:
B115: ='PPTO GRAL'!#REF! -> #REF! | C115: ='PPTO GRAL'!#REF! -> #REF! | I115: ='PPTO GRAL'!#REF! -> #REF! | J115: =J144 -> 946170
B117: I. EQUIPOS Y MAQUINARIA
B118: DESCRIPCIÓN | G118: UND. | H118: TARIFA | I118: REND. | J118: V-UNIT.
B119: M03 | C119: EQUIPO BASICO ( HERRAMIENTA MENOR ) | G119: =VLOOKUP(B119,EQ!$B$8:$E$137,3,FALSE) -> und | H119: =VLOOKUP(B119,EQ!$B$8:$E$137,4,FALSE) -> 3478 | I119: 0.4 | J119: =H119*I119 -> 1391.2
B120: M18 | C120: EQUIPO DE TRANSPORTE | G120: =VLOOKUP(B120,EQ!$B$8:$E$137,3,FALSE) -> dia | H120: =VLOOKUP(B120,EQ!$B$8:$E$137,4,FALSE) -> 151238 | I120: 0.09 | J120: =H120*I120 -> 13611.42
B121: M06 | C121: VIBRADOR GASOLINA | G121: =VLOOKUP(B121,EQ!$B$8:$E$137,3,FALSE) -> dia | H121: =VLOOKUP(B121,EQ!$B$8:$E$137,4,FALSE) -> 59879 | I121: 0.15 | J121: =H121*I121 -> 8981.85
I123: SUB-TOTAL | J123: =SUM(J119:J122) -> 23984.47
B124: II. MATERIALES EN OBRA
B125: DESCRIPCIÓN | G125: UND. | H125: TARIFA | I125: REND. | J125: V-UNIT.
B126: W02 | C126: LISTON 2 X 4 | G126: =VLOOKUP(B126,MAT!$B$8:$E$1650,3,FALSE) -> m | H126: =VLOOKUP(B126,MAT!$B$8:$E$1650,4,FALSE) -> 3771 | I126: 6 | J126: =H126*I126 -> 22626
B127: W16 | C127: TABLA CHAPA ORDINARIO 30 CM X 2 CM X 3 M. | G127: =VLOOKUP(B127,MAT!$B$8:$E$1650,3,FALSE) -> und | H127: =VLOOKUP(B127,MAT!$B$8:$E$1650,4,FALSE) -> 15935 | I127: 0.9 | J127: =H127*I127 -> 14341.5
B128: O15 | C128: PUNTILLA CON CABEZA 2" | G128: =VLOOKUP(B128,MAT!$B$8:$E$1650,3,FALSE) -> lb | H128: =VLOOKUP(B128,MAT!$B$8:$E$1650,4,FALSE) -> 4169 | I128: 0.1 | J128: =H128*I128 -> 416.9
B129: H21 | C129: CONCRETO 3000 psi - 21 Mpa | G129: =VLOOKUP(B129,MAT!$B$8:$E$1650,3,FALSE) -> m3 | H129: =VLOOKUP(B129,MAT!$B$8:$E$1650,4,FALSE) -> 823599 | I129: 1.03 | J129: =H129*I129 -> 848306.97
I131: SUB-TOTAL | J131: =SUM(J126:J130) -> 885691.37
B132: III. TRANSPORTES
B133: MATERIAL | G133: UND. | H133: TARIFA | I133: REND. | J133: V-UNIT.
...

Sheet AUI
A1: =+'CANTIDADES OBRA'!A4:M4 -> COSNTRUCCION DE DISIPADOR Y MEJORAMIENTO DE VIVIENDAS EN SECTOR SABANITAS, MUNICIPIO DE BURITICÁ, ANTIOQUIA
A2: MUNICIPIO DE BURITICA-ANTIOQUIA
A3: SECRETARÍA DE PLANEACIÓN Y DESARROLLO TERRITORIAL BURITICA
A4: REPUBLICA DE COLOMBIA
A5: ANALISIS DEL AUI
A7: VALOR DE LOS COSTOS DIRECTOS | E7: ='PPTO GRAL'!F19 -> 1e+08
A8: DURACIÓN DE LA EJECUCIÓN DE LA OBRA | D8: 8 | E8: MESES
A9: AUI CALCULADO | E9: =J47+J50+J49 -> #REF!
A11: No. | B11: COSTOS ADMINISTRATIVOS | C11: UNIDAD | D11: CANTIDAD | E11: VALOR MENSUAL $ | F11: FACTOR PRESTACIONAL | G11: DEDICACIÓN MENSUAL % | H11: MESES | I11: VALOR PARCIAL $ | J11: % SOBRE COSTOS DIRECTOS
A12: 1 | B12: PERSONAL PROFESIONAL | I12: =SUM(I13:I16) -> #REF! | J12: =SUM(J13:J16) -> #REF!
A13: 1.1 | B13: Director de obra | C13: un | D13: 1 | E13: =#REF! -> #REF! | F13: =#REF! -> #REF! | G13: 0.2 | H13: =D8 -> 8 | I13: =D13*E13*F13*G13*H13 -> #REF! | J13: =+I13/$E$7 -> #REF!
A14: 1.2 | B14: Residente de obra | C14: un | D14: 1 | E14: =#REF! -> #REF! | F14: =+#REF! -> #REF! | G14: 1 | H14: =D8 -> 8 | I14: =D14*E14*F14*G14*H14 -> #REF! | J14: =+I14/$E$7 -> #REF!
A15: 1.3 | B15: Trabajadora Social | C15: un | D15: 1 | E15: =#REF! -> #REF! | F15: =+#REF! -> #REF! | G15: 1 | H15: 2 | I15: =D15*E15*F15*G15*H15 -> #REF! | J15: =+I15/$E$7 -> #REF!
A16: 1.4 | B16: SISO | C16: un | D16: 1 | E16: =#REF! -> #REF! | F16: =+#REF! -> #REF! | G16: 1 | H16: 4 | I16: =D16*E16*F16*G16*H16 -> #REF! | J16: =+I16/$E$7 -> #REF!
A17: 2 | B17: PERSONAL TÉCNICO Y NO PROFESIONAL | I17: =SUM(I18:I19) -> #REF! | J17: =SUM(J18:J19) -> #REF!
A18: 2.1 | B18: Secretaria | C18: un | D18: 1 | E18: =#REF! -> #REF! | F18: =+#REF! -> #REF! | G18: 0.5 | H18: =D8 -> 8 | I18: =D18*E18*F18*G18*H18 -> #REF! | J18: =+I18/$E$7 -> #REF!
A19: 2.2 | B19: Almacenista | C19: un | D19: 1 | E19: =#REF! -> #REF! | F19: =+#REF! -> #REF! | G19: 1 | H19: =+H18 -> 8 | I19: =D19*E19*F19*G19*H19 -> #REF! | J19: =+I19/$E$7 -> #REF!
A20: 3 | B20: GASTOS DE OFICINA, PAPELERIA Y OTROS | I20: =SUM(I21:I23) -> 11250000 | J20: =SUM(J21:J23) -> 0.1125
A21: 3.1 | B21: Arriendo de oficina y servicios públicos (incluye comunicaciones) | C21: mes | D21: 1 | E21: 750000 | H21: =+$H$13 -> 8 | I21: =+H21*E21*D21 -> 6000000 | J21: =+I21/$E$7 -> 0.06
A22: 3.2 | B22: Equipo o alquiler de equipo oficina (incluye muebles y enseres) | C22: mes | D22: 1 | E22: 400000 | H22: 7 | I22: =+H22*E22*D22 -> 2800000 | J22: =+I22/$E$7 -> 0.028
A23: 3.3 | B23: Papelería, tinta, fotocopias y otros | C23: mes | D23: 1 | E23: 350000 | H23: 7 | I23: =+H23*E23*D23 -> 2450000 | J23: =+I23/$E$7 -> 0.0245
A24: 4 | B24: INSTALACIONES PROVISIONALES | I24: =SUM(I25:I27) -> 4800000 | J24: =SUM(J25:J27) -> 0.048
A25: 4.1 | B25: Campamentos (Incluye arrendamiento de enseres) | C25: un | D25: 1 | E25: 350000 | H25: =+$H$13 -> 8 | I25: =+H25*E25*D25 -> 2800000 | J25: =+I25/$E$7 -> 0.028
A26: 4.2 | B26: Servicio de energía | C26: un | D26: 1 | E26: 150000 | H26: =+$H$13 -> 8 | I26: =+H26*E26*D26 -> 1200000 | J26: =+I26/$E$7 -> 0.012
A27: 4.3 | B27: Servicio de acueducto | C27: un | D27: 1 | E27: 100000 | H27: =+$H$13 -> 8 | I27: =+H27*E27*D27 -> 800000 | J27: =+I27/$E$7 -> 0.008
A28: 5 | B28: CALIDAD DE OBRA LABORATORIOS | I28: =SUM(I29:I33) -> 4670400 | J28: =SUM(J29:J33) -> 0.046704
A29: 5.1 | B29: Densidad en el terrreno (Cono de Arena) INV E 161 | C29: un | D29: 1 | E29: =(148000*1.12) -> 165760 | H29: =$D$8 -> 8 | I29: =+H29*E29*D29 -> 1326080 | J29: =+I29/$E$7 -> 0.0132608
A30: 5.2 | B30: Proctor modificado (compactación) INV E 142 | C30: un | D30: 1 | E30: =(164500*1.12) -> 184240 | H30: =$D$8 -> 8 | I30: =+H30*E30*D30 -> 1473920 | J30: =+I30/$E$7 -> 0.0147392
A31: 5.3 | B31: Resistencia a la compresión de especímenes cilíndricos INV E 410 y NTC 673 | C31: un | D31: 1 | E31: =(30000*1.12) -> 33600 | H31: =$D$8 -> 8 | I31: =+H31*E31*D31 -> 268800 | J31: =+I31/$E$7 -> 0.002688
A32: 5.4 | B32: Análisis granulométrico de suelos por tamizado INV E 123 | C32: un | D32: 1 | E32: =(78750*1.12) -> 88200 | H32: =$D$8 -> 8 | I32: =+H32*E32*D32 -> 705600 | J32: =+I32/$E$7 -> 0.007056
A33: 5.5 | B33: Límite liquido, limite plástico e índice de plasticidad INV E125 y E126 | C33: un | D33: 1 | E33: =(100000*1.12) -> 112000 | H33: =$D$8 -> 8 | I33: =+H33*E33*D33 -> 896000 | J33: =+I33/$E$7 -> 0.00896
A35: 6 | B35: VALLA INFORMATIVA DEL PROYECTO | I35: =SUM(I36) -> 987240 | J35: =SUM(J36) -> 0.0098724
A36: 6.1 | B36: Suministro, transporte e instalación de Valla de 3,0mt X 2.0mt, incluye desmonte al final de la obra | C36: un | D36: 2 | E36: 493620 | H36: 1 | I36: =+E36*D36*H36 -> 987240 | J36: =+I36/$E$7 -> 0.0098724
A37: 8 | B37: GASTOS DE LEGALIZACIÓN CON BASE AL COSTO TOTAL DEL CONTRATO DE OBRA | I37: =SUM(I38:I46) -> 17888000 | J37: =SUM(J38:J46) -> 0.17888
A38: 8.1 | B38: Póliza de cumplimiento | C38: % | D38: 0.0002 | E38: ='PPTO GRAL'!F22 -> 1.3e+08 | I38: =+E38*D38 -> 26000 | J38: =+I38/$E$7 -> 0.00026
A39: =A38+0.1 -> 8.2 | B39: Póliza de estabilidad de obra | C39: % | D39: 0.0012 | E39: =E38 -> 1.3e+08 | I39: =+E39*D39 -> 156000 | J39: =+I39/$E$7 -> 0.00156
A40: =A39+0.1 -> 8.3 | B40: Póliza de salarios, prestaciones de servicio e indemnizaciones | C40: % | D40: 0.0002 | E40: =E38 -> 1.3e+08 | I40: =+E40*D40 -> 26000 | J40: =+I40/$E$7 -> 0.00026
A41: =A40+0.1 -> 8.4 | B41: Póliza de responsabilidad civil | C41: % | D41: 0.001 | E41: =E38 -> 1.3e+08 | I41: =+E41*D41 -> 130000 | J41: =+I41/$E$7 -> 0.0013
A42: =A41+0.1 -> 8.5 | B42: Estampilla procultura | C42: % | D42: 0.015 | E42: =E38 -> 1.3e+08 | I42: =+E42*D42 -> 1950000 | J42: =+I42/$E$7 -> 0.0195
A43: =A42+0.1 -> 8.6 | B43: Contribución especial | C43: % | D43: 0.05 | E43: =E38 -> 1.3e+08 | I43: =+E43*D43 -> 6500000 | J43: =+I43/$E$7 -> 0.065
A44: =A43+0.1 -> 8.7 | B44: Estampilla pro-deporte | C44: % | D44: 0.01 | E44: =E38 -> 1.3e+08 | I44: =+E44*D44 -> 1300000 | J44: =+I44/$E$7 -> 0.013
A45: 8.8 | B45: Estampilla pro-adulto mayor | C45: % | D45: 0.04 | E45: =E38 -> 1.3e+08 | I45: =+E45*D45 -> 5200000 | J45: =+I45/$E$7 -> 0.052
A46: =A45+0.1 -> 8.9 | B46: Retención contrato de construcción | C46: % | D46: 0.02 | E46: =E38 -> 1.3e+08 | I46: =+E46*D46 -> 2600000 | J46: =+I46/$E$7 -> 0.026
A47: A | B47: ADMINISTRACIÓN (CALCULADA) | I47: =+I12+I17+I20+I24+I35+I37+I28 -> #REF! | J47: =+I47/$E$7 -> #REF!
A48: A | B48: ADMINISTRACIÓN (USADA) | I48: =ROUND(E7*J48,2) -> 25000000 | J48: 0.25
A49: U | B49: UTILIDAD | I49: =+ROUND(J49*E7,2) -> 5000000 | J49: 0.05
A50: I | B50: IMPREVISTOS | I50: =+ROUND(J50*E7,2) -> 1000000 | J50: 0.01
B51: IVA/ UTILIDAD | I51: =ROUND(I49*0.19,2) -> 950000 | J51: 0.19
B52: TOTAL COSTOS INDIRECTOS | I52: =SUM(I48:I51) -> 31950000 | J52: =SUM(J48:J50) -> 0.31

Sheet EQ
C1: REPUBLICA DE COLOMBIA
C2: =APU!B2 -> COSNTRUCCION DE DISIPADOR Y MEJORAMIENTO DE VIVIENDAS EN SECTOR SABANITAS, MUNICIPIO DE BURITICÁ, ANTIOQUIA
C3: SECRETARÍA DE PLANEACIÓN Y DESARROLLO TERRITORIAL BURITICA
C4: CONSTRUCCIÓN DE 500 M DE PLACA HUELLA EN EL SECTOR LA ENCALICHADA DEL MUNICIPIO DE BURITICÁ, SUBREGIÓN OCCIDENTE DEL DEPARTAMENTO DE ANTIOQUIA
C5: EQUIPOS Y MAQUINARIA
C7: DESCRIPCIÓN | D7: UNIDAD | E7: TARIFA | G7: 1.12
B8: M01 | C8: ANDAMIO METALICO CERTIFICADO, INCLUYE ESCALERILLA CON BARANDAS Y PLATAFORMAS DE TRABAJO | D8: dia | E8: =ROUND(H8*$G$7,0) -> 8363 | H8: 7467.04
B9: M02 | C9: BULLDOZER D-5 | D9: hr | E9: =ROUND(H9*$G$7,0) -> 159504 | H9: 142414.72
B10: M19 | C10: CARROTANQUE DE AGUA 10.000 LTS. | D10: hr | E10: =ROUND(H10*$G$7,0) -> 71777 | H10: 64086.4
B11: M23 | C11: CARROTANQUE IRRIGADOR DE ASFALTO | D11: hr | E11: =ROUND(H11*$G$7,0) -> 82941 | H11: 74054.4
B12: M12 | C12: COMPACTADOR DE ASFALTO | D12: hr | E12: =ROUND(H12*$G$7,0) -> 127604 | H12: 113932
B13: M24 | C13: COMPRESOR (BARRIDO Y/O SOPLADO DE LA SUPERFICIE PAVIMENTO) | D13: hr | E13: =ROUND(H13*$G$7,0) -> 86132 | H13: 76903.68
B14: M14 | C14: COMPRESOR 2 MARTILLOS (INCLUYE ACPM Y TRANSPORTE) | D14: hr | E14: =ROUND(H14*$G$7,0) -> 87728 | H14: 78328.32
B15: M11 | C15: CORTADORA INCLUYE DISCO | D15: dia | E15: =ROUND(H15*$G$7,0) -> 55826 | H15: 49844.48
B16: M16 | C16: PLUMA GRUA 250KG CON BALDE | D16: dia | E16: =ROUND(H16*$G$7,0) -> 35087 | H16: 31327.52
B17: M21 | C17: EQUIPO DE TERMOFUSION | D17: dia | E17: =ROUND(H17*$G$7,0) -> 398765 | H17: 356040.16
B18: M17 | C18: EQUIPO HIDROLAVADORA | D18: dia | E18: =ROUND(H18*$G$7,0) -> 55826 | H18: 49844.48
B19: M18 | C19: EQUIPO DE TRANSPORTE | D19: dia | E19: =ROUND(H19*$G$7,0) -> 151238 | H19: 135033.92
... B137: M03 | C137: EQUIPO BASICO ( HERRAMIENTA MENOR ) | D137: und | E137: =ROUND(H137*$G$7,0) -> 3478 | H137: 3105.76

Sheet MAT
C1: REPUBLICA DE COLOMBIA
C2: =EQ!C2 -> COSNTRUCCION DE DISIPADOR Y MEJORAMIENTO DE VIVIENDAS EN SECTOR SABANITAS, MUNICIPIO DE BURITICÁ, ANTIOQUIA
C3: SECRETARÍA DE PLANEACIÓN Y DESARROLLO TERRITORIAL BURITICA
C4: =EQ!C4 -> CONSTRUCCIÓN DE 500 M DE PLACA HUELLA EN EL SECTOR LA ENCALICHADA DEL MUNICIPIO DE BURITICÁ, SUBREGIÓN OCCIDENTE DEL DEPARTAMENTO DE ANTIOQUIA
C5: MATERIALES
C7: DESCRIPCIÓN | D7: UNIDAD | E7: PRECIO | H7: 1.13
B8: A13 | C8: ACERO 60.000 PSI (Incluye alambre negro y figuración ) | D8: kg | E8: =ROUND(G8*$H$7,0) -> 6170 | G8: 5460
B9: H18 | C9: CONCRETO 1500 psi - 10.5 Mpa | D9: m3 | E9: =ROUND(G9*$H$7,0) -> 380804 | G9: 336994.56
B10: H19 | C10: CONCRETO 2000 psi - 14 Mpa | D10: m3 | E10: =ROUND(G10*$H$7,0) -> 392503 | G10: 347347.84
B11: H20 | C11: CONCRETO 2500 psi - 17.5 Mpa | D11: m3 | E11: =ROUND(G11*$H$7,0) -> 441811 | G11: 390983.04
B12: H21 | C12: CONCRETO 3000 psi - 21 Mpa | D12: m3 | E12: =ROUND(G12*$H$7,0) -> 823599 | G12: 728848.96
B13: H22 | C13: CONCRETO 3500 psi - 24.5 Mpa | D13: m3 | E13: =ROUND(G13*$H$7,0) -> 533363 | G13: 472002.72
B14: H23 | C14: CONCRETO 4000 psi - 28 Mpa | D14: m3 | E14: =ROUND(G14*$H$7,0) -> 549717 | G14: 486475.36
B15: H24 | C15: CONCRETO 1500 psi - 10.5 Mpa Impermeabilizado | D15: m3 | E15: =ROUND(G15*$H$7,0) -> 401457 | G15: 355271.84
B16: H25 | C16: CONCRETO 2000 psi - 14 Mpa Impermeabilizado | D16: m3 | E16: =ROUND(G16*$H$7,0) -> 413156 | G16: 365625.12
B17: H26 | C17: CONCRETO 2500 psi - 17.5 Mpa Impermeabilizado | D17: m3 | E17: =ROUND(G17*$H$7,0) -> 462464 | G17: 409260.32
B18: H27 | C18: CONCRETO 3000 psi - 21 Mpa Impermeabilizado | D18: m3 | E18: =ROUND(G18*$H$7,0) -> 509865 | G18: 451207.68
B19: H28 | C19: CONCRETO 3500 psi - 24.5 Mpa Impermeabilizado | D19: m3 | E19: =ROUND(G19*$H$7,0) -> 554016 | G19: 490280
... B1650: S290 | C1650: MANEJO CAJA RECTANGULAR HF CON LOGOTIPO DE AGUAS DE MZALES | D1650: und | E1650: =ROUND(G1650*$H$7,0) -> 74225 | G1650: 65685.76

Sheet MO
C1: REPUBLICA DE COLOMBIA
C2: =MAT!C2 -> COSNTRUCCION DE DISIPADOR Y MEJORAMIENTO DE VIVIENDAS EN SECTOR SABANITAS, MUNICIPIO DE BURITICÁ, ANTIOQUIA
C3: SECRETARÍA DE PLANEACIÓN Y DESARROLLO TERRITORIAL BURITICA
C4: =MAT!C4 -> CONSTRUCCIÓN DE 500 M DE PLACA HUELLA EN EL SECTOR LA ENCALICHADA DEL MUNICIPIO DE BURITICÁ, SUBREGIÓN OCCIDENTE DEL DEPARTAMENTO DE ANTIOQUIA
C5: MANO DE OBRA
C7: BASE SALARIAL
C8: PERSONAL | D8: SMMLV | E8: SALARIO BASICO | F8: FACTOR PRESTACIONAL | G8: JORNAL TOTAL DÍA
C9: Mano de Obra AA - Albanileria
C10: Oficial AA | D10: 2 | E10: =ROUND(HLOOKUP(D10,#REF!,4,FALSE)/30,0) -> #REF! | F10: =ROUND(HLOOKUP(D10,#REF!,25,FALSE),4) -> #REF! | G10: =ROUND(E10*F10,0) -> #REF!
C11: Ayudante AA | D11: 1 | E11: =ROUND(HLOOKUP(D11,#REF!,4,FALSE)/30,0) -> #REF! | F11: =ROUND(HLOOKUP(D11,#REF!,25,FALSE),4) -> #REF! | G11: =ROUND(E11*F11,0) -> #REF!
C12: Mano de Obra BB - Instalaciones
C13: Oficial BB | D13: 2 | E13: =ROUND(HLOOKUP(D13,#REF!,4,FALSE)/30,0) -> #REF! | F13: =ROUND(HLOOKUP(D13,#REF!,25,FALSE),4) -> #REF! | G13: =ROUND(E13*F13,0) -> #REF!
C14: Ayudante BB | D14: 1.2 | E14: =ROUND(HLOOKUP(D14,#REF!,4,FALSE)/30,0) -> #REF! | F14: =ROUND(HLOOKUP(D14,#REF!,25,FALSE),4) -> #REF! | G14: =ROUND(E14*F14,0) -> #REF!
C15: Mano de Obra CC - Pintura
C16: Oficial CC | D16: 2 | E16: =ROUND(HLOOKUP(D16,#REF!,4,FALSE)/30,0) -> #REF! | F16: =ROUND(HLOOKUP(D16,#REF!,25,FALSE),4) -> #REF! | G16: =ROUND(E16*F16,0) -> #REF!
C17: Ayudante CC | D17: 1.2 | E17: =ROUND(HLOOKUP(D17,#REF!,4,FALSE)/30,0) -> #REF! | F17: =ROUND(HLOOKUP(D17,#REF!,25,FALSE),4) -> #REF! | G17: =ROUND(E17*F17,0) -> #REF!
C18: Mano de Obra DD - Carpinteria
C19: Oficial DD | D19: 2 | E19: =ROUND(HLOOKUP(D19,#REF!,4,FALSE)/30,0) -> #REF! | F19: =ROUND(HLOOKUP(D19,#REF!,25,FALSE),4) -> #REF! | G19: =ROUND(E19*F19,0) -> #REF!
C20: Ayudante DD | D20: 1.2 | E20: =ROUND(HLOOKUP(D20,#REF!,4,FALSE)/30,0) -> #REF! | F20: =ROUND(HLOOKUP(D20,#REF!,25,FALSE),4) -> #REF! | G20: =ROUND(E20*F20,0) -> #REF!
C21: Mano de Obra EE - Muros Secos
C22: Oficial EE | D22: 2 | E22: =ROUND(HLOOKUP(D22,#REF!,4,FALSE)/30,0) -> #REF! | F22: =ROUND(HLOOKUP(D22,#REF!,25,FALSE),4) -> #REF! | G22: =ROUND(E22*F22,0) -> #REF!
C23: Ayudante EE | D23: 1.2 | E23: =ROUND(HLOOKUP(D23,#REF!,4,FALSE)/30,0) -> #REF! | F23: =ROUND(HLOOKUP(D23,#REF!,25,FALSE),4) -> #REF! | G23: =ROUND(E23*F23,0) -> #REF!
C24: Mano de Obra FF - Instalaciones Electricas Internas
C25: Oficial FF | D25: 2.5 | E25: =ROUND(HLOOKUP(D25,#REF!,4,FALSE)/30,0) -> #REF! | F25: =ROUND(HLOOKUP(D25,#REF!,25,FALSE),4) -> #REF! | G25: =ROUND(E25*F25,0) -> #REF!
C26: Ayudante FF | D26: 1.5 | E26: =ROUND(HLOOKUP(D26,#REF!,4,FALSE)/30,0) -> #REF! | F26: =ROUND(HLOOKUP(D26,#REF!,25,FALSE),4) -> #REF! | G26: =ROUND(E26*F26,0) -> #REF!
C27: Mano de Obra GG - Instalaciones Alumbrado Publico
C28: Oficial GG | D28: 4 | E28: =ROUND(HLOOKUP(D28,#REF!,4,FALSE)/30,0) -> #REF! | F28: =ROUND(HLOOKUP(D28,#REF!,25,FALSE),4) -> #REF! | G28: =ROUND(E28*F28,0) -> #REF!
C29: Ayudante GG | D29: 2 | E29: =ROUND(HLOOKUP(D29,#REF!,4,FALSE)/30,0) -> #REF! | F29: =ROUND(HLOOKUP(D29,#REF!,25,FALSE),4) -> #REF! | G29: =ROUND(E29*F29,0) -> #REF!
C31: CONFORMACIÓN DE CUADRILLAS
C32: DESCRIPCION | D32: CANT. | E32: BASICO | F32: PRESTACIONES | G32: VR. TOTAL
B33: I65 | C33: OFICIAL AA (Albañileria) | D33: =SUM(D34:D35) -> 1 | E33: =SUM(E34:E35) -> #REF! | F33: =SUM(F34:F35) -> #REF! | G33: =SUM(G34:G35) -> #REF!
C34: Oficial AA | D34: 1 | E34: =VLOOKUP(C34,$C$8:$G$30,3,FALSE)*D34 -> #REF! | F34: =(VLOOKUP(C34,$C$8:$G$30,5,FALSE)-VLOOKUP(C34,$C$8:$G$30,3,FALSE))*D34 -> #REF! | G34: =(E34+F34) -> #REF!
C35: Ayudante AA | D35: 0 | E35: =VLOOKUP(C35,$C$8:$G$30,3,FALSE)*D35 -> #REF! | F35: =(VLOOKUP(C35,$C$8:$G$30,5,FALSE)-VLOOKUP(C35,$C$8:$G$30,3,FALSE))*D35 -> #REF! | G35: =(E35+F35) -> #REF!
B36: I66 | C36: OFICIAL BB (Instalaciones) | D36: =SUM(D37:D38) -> 1 | E36: =SUM(E37:E38) -> #REF! | F36: =SUM(F37:F38) -> #REF! | G36: =SUM(G37:G38) -> #REF!
C37: Oficial BB | D37: 1 | E37: =VLOOKUP(C37,$C$8:$G$30,3,FALSE)*D37 -> #REF! | F37: =(VLOOKUP(C37,$C$8:$G$30,5,FALSE)-VLOOKUP(C37,$C$8:$G$30,3,FALSE))*D37 -> #REF! | G37: =(E37+F37) -> #REF!
C38: Ayudante BB | D38: 0 | E38: =VLOOKUP(C38,$C$8:$G$30,3,FALSE)*D38 -> #REF! | F38: =(VLOOKUP(C38,$C$8:$G$30,5,FALSE)-VLOOKUP(C38,$C$8:$G$30,3,FALSE))*D38 -> #REF! | G38: =(E38+F38) -> #REF!
B39: I67 | C39: OFICIAL CC (Pintura) | D39: =SUM(D40:D41) -> 1 | E39: =SUM(E40:E41) -> #REF! | F39: =SUM(F40:F41) -> #REF! | G39: =SUM(G40:G41) -> #REF!
C40: =C16 -> Oficial CC | D40: 1 | E40: =VLOOKUP(C40,$C$8:$G$30,3,FALSE)*D40 -> #REF! | F40: =(VLOOKUP(C40,$C$8:$G$30,5,FALSE)-VLOOKUP(C40,$C$8:$G$30,3,FALSE))*D40 -> #REF! | G40: =(E40+F40) -> #REF!
C41: =C17 -> Ayudante CC | D41: 0 | E41: =VLOOKUP(C41,$C$8:$G$30,3,FALSE)*D41 -> #REF! | F41: =(VLOOKUP(C41,$C$8:$G$30,5,FALSE)-VLOOKUP(C41,$C$8:$G$30,3,FALSE))*D41 -> #REF! | G41: =(E41+F41) -> #REF!
B42: I68 | C42: OFICIAL DD (Carpinteria) | D42: =SUM(D43:D44) -> 1 | E42: =SUM(E43:E44) -> #REF! | F42: =SUM(F43:F44) -> #REF! | G42: =SUM(G43:G44) -> #REF!
C43: =C19 -> Oficial DD | D43: 1 | E43: =VLOOKUP(C43,$C$8:$G$30,3,FALSE)*D43 -> #REF! | F43: =(VLOOKUP(C43,$C$8:$G$30,5,FALSE)-VLOOKUP(C43,$C$8:$G$30,3,FALSE))*D43 -> #REF! | G43: =(E43+F43) -> #REF!
C44: =C20 -> Ayudante DD | D44: 0 | E44: =VLOOKUP(C44,$C$8:$G$30,3,FALSE)*D44 -> #REF! | F44: =(VLOOKUP(C44,$C$8:$G$30,5,FALSE)-VLOOKUP(C44,$C$8:$G$30,3,FALSE))*D44 -> #REF! | G44: =(E44+F44) -> #REF!
B45: I69 | C45: OFICIAL EE (Dry Wall) | D45: =SUM(D46:D47) -> 1 | E45: =SUM(E46:E47) -> #REF! | F45: =SUM(F46:F47) -> #REF! | G45: =SUM(G46:G47) -> #REF!
C46: =C22 -> Oficial EE | D46: 1 | E46: =VLOOKUP(C46,$C$8:$G$30,3,FALSE)*D46 -> #REF! | F46: =(VLOOKUP(C46,$C$8:$G$30,5,FALSE)-VLOOKUP(C46,$C$8:$G$30,3,FALSE))*D46 -> #REF! | G46: =(E46+F46) -> #REF!
C47: =C23 -> Ayudante EE | D47: 0 | E47: =VLOOKUP(C47,$C$8:$G$30,3,FALSE)*D47 -> #REF! | F47: =(VLOOKUP(C47,$C$8:$G$30,5,FALSE)-VLOOKUP(C47,$C$8:$G$30,3,FALSE))*D47 -> #REF! | G47: =(E47+F47) -> #REF!
B48: I70 | C48: OFICIAL FF (Electricas) | D48: =SUM(D49:D50) -> 1 | E48: =SUM(E49:E50) -> #REF! | F48: =SUM(F49:F50) -> #REF! | G48: =SUM(G49:G50) -> #REF!
C49: =C25 -> Oficial FF | D49: 1 | E49: =VLOOKUP(C49,$C$8:$G$30,3,FALSE)*D49 -> #REF! | F49: =(VLOOKUP(C49,$C$8:$G$30,5,FALSE)-VLOOKUP(C49,$C$8:$G$30,3,FALSE))*D49 -> #REF! | G49: =(E49+F49) -> #REF!
C50: =C26 -> Ayudante FF | D50: 0 | E50: =VLOOKUP(C50,$C$8:$G$30,3,FALSE)*D50 -> #REF! | F50: =(VLOOKUP(C50,$C$8:$G$30,5,FALSE)-VLOOKUP(C50,$C$8:$G$30,3,FALSE))*D50 -> #REF! | G50: =(E50+F50) -> #REF!
B51: I71 | C51: OFICIAL GG (Alumbrado Publico) | D51: =SUM(D52:D53) -> 1 | E51: =SUM(E52:E53) -> #REF! | F51: =SUM(F52:F53) -> #REF! | G51: =SUM(G52:G53) -> #REF!
C52: =C28 -> Oficial GG | D52: 1 | E52: =VLOOKUP(C52,$C$8:$G$30,3,FALSE)*D52 -> #REF! | F52: =(VLOOKUP(C52,$C$8:$G$30,5,FALSE)-VLOOKUP(C52,$C$8:$G$30,3,FALSE))*D52 -> #REF! | G52: =(E52+F52) -> #REF!
C53: =C29 -> Ayudante GG | D53: 0 | E53: =VLOOKUP(C53,$C$8:$G$30,3,FALSE)*D53 -> #REF! | F53: =(VLOOKUP(C53,$C$8:$G$30,5,FALSE)-VLOOKUP(C53,$C$8:$G$30,3,FALSE))*D53 -> #REF! | G53: =(E53+F53) -> #REF!
B54: I72 | C54: AYUDANTE AA (Albañileria) | D54: =SUM(D55:D55) -> 1 | E54: =SUM(E55:E55) -> #REF! | F54: =SUM(F55:F55) -> #REF! | G54: =SUM(G55:G55) -> #REF!
C55: =C11 -> Ayudante AA | D55: 1 | E55: =VLOOKUP(C55,$C$8:$G$30,3,FALSE)*D55 -> #REF! | F55: =(VLOOKUP(C55,$C$8:$G$30,5,FALSE)-VLOOKUP(C55,$C$8:$G$30,3,FALSE))*D55 -> #REF! | G55: =(E55+F55) -> #REF!
B56: I73 | C56: AYUDANTE BB (Instalaciones) | D56: =SUM(D57:D57) -> 1 | E56: =SUM(E57:E57) -> #REF! | F56: =SUM(F57:F57) -> #REF! | G56: =SUM(G57:G57) -> #REF!
C57: =C14 -> Ayudante BB | D57: 1 | E57: =VLOOKUP(C57,$C$8:$G$30,3,FALSE)*D57 -> #REF! | F57: =(VLOOKUP(C57,$C$8:$G$30,5,FALSE)-VLOOKUP(C57,$C$8:$G$30,3,FALSE))*D57 -> #REF! | G57: =(E57+F57) -> #REF!
B58: I74 | C58: OFICIAL CC (Pintura) | D58: =SUM(D59:D59) -> 1 | E58: =SUM(E59:E59) -> #REF! | F58: =SUM(F59:F59) -> #REF! | G58: =SUM(G59:G59) -> #REF!
C59: =C17 -> Ayudante CC | D59: 1 | E59: =VLOOKUP(C59,$C$8:$G$30,3,FALSE)*D59 -> #REF! | F59: =(VLOOKUP(C59,$C$8:$G$30,5,FALSE)-VLOOKUP(C59,$C$8:$G$30,3,FALSE))*D59 -> #REF! | G59: =(E59+F59) -> #REF!
B60: I75 | C60: AYUDANTE DD (Carpinteria) | D60: =SUM(D61:D61) -> 1 | E60: =SUM(E61:E61) -> #REF! | F60: =SUM(F61:F61) -> #REF! | G60: =SUM(G61:G61) -> #REF!
C61: =C20 -> Ayudante DD | D61: 1 | E61: =VLOOKUP(C61,$C$8:$G$30,3,FALSE)*D61 -> #REF! | F61: =(VLOOKUP(C61,$C$8:$G$30,5,FALSE)-VLOOKUP(C61,$C$8:$G$30,3,FALSE))*D61 -> #REF! | G61: =(E61+F61) -> #REF!
B62: I76 | C62: AYUDANTE EE (Dry Wall) | D62: =SUM(D63:D63) -> 1 | E62: =SUM(E63:E63) -> #REF! | F62: =SUM(F63:F63) -> #REF! | G62: =SUM(G63:G63) -> #REF!
C63: =C23 -> Ayudante EE | D63: 1 | E63: =VLOOKUP(C63,$C$8:$G$30,3,FALSE)*D63 -> #REF! | F63: =(VLOOKUP(C63,$C$8:$G$30,5,FALSE)-VLOOKUP(C63,$C$8:$G$30,3,FALSE))*D63 -> #REF! | G63: =(E63+F63) -> #REF!
B64: I77 | C64: AYUDANTE FF (Electricas) | D64: =SUM(D65:D65) -> 1 | E64: =SUM(E65:E65) -> #REF! | F64: =SUM(F65:F65) -> #REF! | G64: =SUM(G65:G65) -> #REF!
C65: =C26 -> Ayudante FF | D65: 1 | E65: =VLOOKUP(C65,$C$8:$G$30,3,FALSE)*D65 -> #REF! | F65: =(VLOOKUP(C65,$C$8:$G$30,5,FALSE)-VLOOKUP(C65,$C$8:$G$30,3,FALSE))*D65 -> #REF! | G65: =(E65+F65) -> #REF!
B66: I78 | C66: AYUDANTE GG (Electricas) | D66: =SUM(D67:D67) -> 1 | E66: =SUM(E67:E67) -> #REF! | F66: =SUM(F67:F67) -> #REF! | G66: =SUM(G67:G67) -> #REF!
C67: =C29 -> Ayudante GG | D67: 1 | E67: =VLOOKUP(C67,$C$8:$G$30,3,FALSE)*D67 -> #REF! | F67: =(VLOOKUP(C67,$C$8:$G$30,5,FALSE)-VLOOKUP(C67,$C$8:$G$30,3,FALSE))*D67 -> #REF! | G67: =(E67+F67) -> #REF!
B68: I03 | C68: CUADRILLA AA TIPO 1 (1 OFICIAL + 1 AYUDANTE) (Albañileria) | D68: =SUM(D69:D70) -> 2 | E68: =SUM(E69:E70) -> #REF! | F68: =SUM(F69:F70) -> #REF! | G68: =SUM(G69:G70) -> #REF!
C69: Oficial AA | D69: 1 | E69: =VLOOKUP(C69,$C$8:$G$30,3,FALSE)*D69 -> #REF! | F69: =(VLOOKUP(C69,$C$8:$G$30,5,FALSE)-VLOOKUP(C69,$C$8:$G$30,3,FALSE))*D69 -> #REF! | G69: =(E69+F69) -> #REF!
C70: Ayudante AA | D70: 1 | E70: =VLOOKUP(C70,$C$8:$G$30,3,FALSE)*D70 -> #REF! | F70: =(VLOOKUP(C70,$C$8:$G$30,5,FALSE)-VLOOKUP(C70,$C$8:$G$30,3,FALSE))*D70 -> #REF! | G70: =(E70+F70) -> #REF!
B71: I04 | C71: CUADRILLA BB TIPO 1 (1 OFICIAL + 1 AYUDANTE) (Instalaciones) | D71: =SUM(D72:D73) -> 2 | E71: =SUM(E72:E73) -> #REF! | F71: =SUM(F72:F73) -> #REF! | G71: =SUM(G72:G73) -> #REF!
C72: Oficial BB | D72: 1 | E72: =VLOOKUP(C72,$C$8:$G$30,3,FALSE)*D72 -> #REF! | F72: =(VLOOKUP(C72,$C$8:$G$30,5,FALSE)-VLOOKUP(C72,$C$8:$G$30,3,FALSE))*D72 -> #REF! | G72: =(E72+F72) -> #REF!
C73: Ayudante BB | D73: 1 | E73: =VLOOKUP(C73,$C$8:$G$30,3,FALSE)*D73 -> #REF! | F73: =(VLOOKUP(C73,$C$8:$G$30,5,FALSE)-VLOOKUP(C73,$C$8:$G$30,3,FALSE))*D73 -> #REF! | G73: =(E73+F73) -> #REF!
B74: I05 | C74: CUADRILLA CC TIPO 1 (1 OFICIAL + 1 AYUDANTE) (Pintura) | D74: =SUM(D75:D76) -> 2 | E74: =SUM(E75:E76) -> #REF! | F74: =SUM(F75:F76) -> #REF! | G74: =SUM(G75:G76) -> #REF!
C75: =C16 -> Oficial CC | D75: 1 | E75: =VLOOKUP(C75,$C$8:$G$30,3,FALSE)*D75 -> #REF! | F75: =(VLOOKUP(C75,$C$8:$G$30,5,FALSE)-VLOOKUP(C75,$C$8:$G$30,3,FALSE))*D75 -> #REF! | G75: =(E75+F75) -> #REF!
C76: =C41 -> Ayudante CC | D76: 1 | E76: =VLOOKUP(C76,$C$8:$G$30,3,FALSE)*D76 -> #REF! | F76: =(VLOOKUP(C76,$C$8:$G$30,5,FALSE)-VLOOKUP(C76,$C$8:$G$30,3,FALSE))*D76 -> #REF! | G76: =(E76+F76) -> #REF!
B77: I06 | C77: CUADRILLA DD TIPO 1 (1 OFICIAL + 1 AYUDANTE) (Carpinteria) | D77: =SUM(D78:D79) -> 2 | E77: =SUM(E78:E79) -> #REF! | F77: =SUM(F78:F79) -> #REF! | G77: =SUM(G78:G79) -> #REF!
C78: =C19 -> Oficial DD | D78: 1 | E78: =VLOOKUP(C78,$C$8:$G$30,3,FALSE)*D78 -> #REF! | F78: =(VLOOKUP(C78,$C$8:$G$30,5,FALSE)-VLOOKUP(C78,$C$8:$G$30,3,FALSE))*D78 -> #REF! | G78: =(E78+F78) -> #REF!
C79: =C44 -> Ayudante DD | D79: 1 | E79: =VLOOKUP(C79,$C$8:$G$30,3,FALSE)*D79 -> #REF! | F79: =(VLOOKUP(C79,$C$8:$G$30,5,FALSE)-VLOOKUP(C79,$C$8:$G$30,3,FALSE))*D79 -> #REF! | G79: =(E79+F79) -> #REF!
B80: I07 | C80: CUADRILLA EE TIPO 1 (1 OFICIAL + 1 AYUDANTE) (Dry Wall) | D80: =SUM(D81:D82) -> 2 | E80: =SUM(E81:E82) -> #REF! | F80: =SUM(F81:F82) -> #REF! | G80: =SUM(G81:G82) -> #REF!
C81: =C22 -> Oficial EE | D81: 1 | E81: =VLOOKUP(C81,$C$8:$G$30,3,FALSE)*D81 -> #REF! | F81: =(VLOOKUP(C81,$C$8:$G$30,5,FALSE)-VLOOKUP(C81,$C$8:$G$30,3,FALSE))*D81 -> #REF! | G81: =(E81+F81) -> #REF!
C82: =C47 -> Ayudante EE | D82: 1 | E82: =VLOOKUP(C82,$C$8:$G$30,3,FALSE)*D82 -> #REF! | F82: =(VLOOKUP(C82,$C$8:$G$30,5,FALSE)-VLOOKUP(C82,$C$8:$G$30,3,FALSE))*D82 -> #REF! | G82: =(E82+F82) -> #REF!
B83: I08 | C83: CUADRILLA FF TIPO 1 (1 OFICIAL + 1 AYUDANTE) (Electricas) | D83: =SUM(D84:D85) -> 2 | E83: =SUM(E84:E85) -> #REF! | F83: =SUM(F84:F85) -> #REF! | G83: =SUM(G84:G85) -> #REF!
C84: =C25 -> Oficial FF | D84: 1 | E84: =VLOOKUP(C84,$C$8:$G$30,3,FALSE)*D84 -> #REF! | F84: =(VLOOKUP(C84,$C$8:$G$30,5,FALSE)-VLOOKUP(C84,$C$8:$G$30,3,FALSE))*D84 -> #REF! | G84: =(E84+F84) -> #REF!
C85: =C50 -> Ayudante FF | D85: 1 | E85: =VLOOKUP(C85,$C$8:$G$30,3,FALSE)*D85 -> #REF! | F85: =(VLOOKUP(C85,$C$8:$G$30,5,FALSE)-VLOOKUP(C85,$C$8:$G$30,3,FALSE))*D85 -> #REF! | G85: =(E85+F85) -> #REF!
B86: I19 | C86: CUADRILLA GG TIPO 1 (1 OFICIAL + 1 AYUDANTE) (Alumbrado Publico) | D86: =SUM(D87:D88) -> 2 | E86: =SUM(E87:E88) -> #REF! | F86: =SUM(F87:F88) -> #REF! | G86: =SUM(G87:G88) -> #REF!
C87: =C28 -> Oficial GG | D87: 1 | E87: =VLOOKUP(C87,$C$8:$G$30,3,FALSE)*D87 -> #REF! | F87: =(VLOOKUP(C87,$C$8:$G$30,5,FALSE)-VLOOKUP(C87,$C$8:$G$30,3,FALSE))*D87 -> #REF! | G87: =(E87+F87) -> #REF!
C88: =C53 -> Ayudante GG | D88: 1 | E88: =VLOOKUP(C88,$C$8:$G$30,3,FALSE)*D88 -> #REF! | F88: =(VLOOKUP(C88,$C$8:$G$30,5,FALSE)-VLOOKUP(C88,$C$8:$G$30,3,FALSE))*D88 -> #REF! | G88: =(E88+F88) -> #REF!
B89: I30 | C89: CUADRILLA AA TIPO 2 (1 OFICIAL + 2 AYUDANTE) (Albañileria) | D89: =SUM(D90:D91) -> 3 | E89: =SUM(E90:E91) -> #REF! | F89: =SUM(F90:F91) -> #REF! | G89: =SUM(G90:G91) -> #REF!
C90: =C34 -> Oficial AA | D90: 1 | E90: =VLOOKUP(C90,$C$8:$G$30,3,FALSE)*D90 -> #REF! | F90: =(VLOOKUP(C90,$C$8:$G$30,5,FALSE)-VLOOKUP(C90,$C$8:$G$30,3,FALSE))*D90 -> #REF! | G90: =(E90+F90) -> #REF!
C91: =C35 -> Ayudante AA | D91: 2 | E91: =VLOOKUP(C91,$C$8:$G$30,3,FALSE)*D91 -> #REF! | F91: =(VLOOKUP(C91,$C$8:$G$30,5,FALSE)-VLOOKUP(C91,$C$8:$G$30,3,FALSE))*D91 -> #REF! | G91: =(E91+F91) -> #REF!
B92: I31 | C92: CUADRILLA BB TIPO 2 (1 OFICIAL + 2 AYUDANTE) (Instalaciones) | D92: =SUM(D93:D94) -> 3 | E92: =SUM(E93:E94) -> #REF! | F92: =SUM(F93:F94) -> #REF! | G92: =SUM(G93:G94) -> #REF!
C93: =C37 -> Oficial BB | D93: 1 | E93: =VLOOKUP(C93,$C$8:$G$30,3,FALSE)*D93 -> #REF! | F93: =(VLOOKUP(C93,$C$8:$G$30,5,FALSE)-VLOOKUP(C93,$C$8:$G$30,3,FALSE))*D93 -> #REF! | G93: =(E93+F93) -> #REF!
C94: =C38 -> Ayudante BB | D94: 2 | E94: =VLOOKUP(C94,$C$8:$G$30,3,FALSE)*D94 -> #REF! | F94: =(VLOOKUP(C94,$C$8:$G$30,5,FALSE)-VLOOKUP(C94,$C$8:$G$30,3,FALSE))*D94 -> #REF! | G94: =(E94+F94) -> #REF!
B95: I32 | C95: CUADRILLA CC TIPO 2 (1 OFICIAL + 2 AYUDANTE) (Pintura) | D95: =SUM(D96:D97) -> 3 | E95: =SUM(E96:E97) -> #REF! | F95: =SUM(F96:F97) -> #REF! | G95: =SUM(G96:G97) -> #REF!
C96: =C40 -> Oficial CC | D96: 1 | E96: =VLOOKUP(C96,$C$8:$G$30,3,FALSE)*D96 -> #REF! | F96: =(VLOOKUP(C96,$C$8:$G$30,5,FALSE)-VLOOKUP(C96,$C$8:$G$30,3,FALSE))*D96 -> #REF! | G96: =(E96+F96) -> #REF!
C97: =C41 -> Ayudante CC | D97: 2 | E97: =VLOOKUP(C97,$C$8:$G$30,3,FALSE)*D97 -> #REF! | F97: =(VLOOKUP(C97,$C$8:$G$30,5,FALSE)-VLOOKUP(C97,$C$8:$G$30,3,FALSE))*D97 -> #REF! | G97: =(E97+F97) -> #REF!
B98: I33 | C98: CUADRILLA DD TIPO 2 (1 OFICIAL + 2 AYUDANTE) (Carpinteria) | D98: =SUM(D99:D100) -> 3 | E98: =SUM(E99:E100) -> #REF! | F98: =SUM(F99:F100) -> #REF! | G98: =SUM(G99:G100) -> #REF!
C99: =C43 -> Oficial DD | D99: 1 | E99: =VLOOKUP(C99,$C$8:$G$30,3,FALSE)*D99 -> #REF! | F99: =(VLOOKUP(C99,$C$8:$G$30,5,FALSE)-VLOOKUP(C99,$C$8:$G$30,3,FALSE))*D99 -> #REF! | G99: =(E99+F99) -> #REF!
C100: =C44 -> Ayudante DD | D100: 2 | E100: =VLOOKUP(C100,$C$8:$G$30,3,FALSE)*D100 -> #REF! | F100: =(VLOOKUP(C100,$C$8:$G$30,5,FALSE)-VLOOKUP(C100,$C$8:$G$30,3,FALSE))*D100 -> #REF! | G100: =(E100+F100) -> #REF!
B101: I34 | C101: CUADRILLA EE TIPO 2 (1 OFICIAL + 2 AYUDANTE) (Dry Wall) | D101: =SUM(D102:D103) -> 3 | E101: =SUM(E102:E103) -> #REF! | F101: =SUM(F102:F103) -> #REF! | G101: =SUM(G102:G103) -> #REF!
C102: =C46 -> Oficial EE | D102: 1 | E102: =VLOOKUP(C102,$C$8:$G$30,3,FALSE)*D102 -> #REF! | F102: =(VLOOKUP(C102,$C$8:$G$30,5,FALSE)-VLOOKUP(C102,$C$8:$G$30,3,FALSE))*D102 -> #REF! | G102: =(E102+F102) -> #REF!
...
